cohdb
Replays
Latest Replays
All Replays
Popular Replays
Top Player Replays
Match Explorer
How It Works
Community
CoH3 Stats
Reddit
Sign in to upload your games and track your stats! →
Sign in with Steam
Match 43190039
Unlisted
Match 43190039
Overview
Messages
Build Orders
End
Panzergrenadier Squad
Selects Panzerjäger Kommand Battlegroup
Selects Mine Fields
250 Light Carrier
Panzergrenadier Squad
Construct Light Support Kompanie
Panzerjäger Squad
Fire Support Elements
Selects Tank Busters
le.IG 18 Mechanized Group
Pak 38 Anti-tank Gun Team
2.5-tonne Medical Truck
Construct Panzerarmee Kommand
Selects Early Warning
Selects Butterfly Bomb Drop
Armored Reserves
Pak 38 Mechanized Group
2.5-tonne Medical Truck
Butterfly Bomb Drop
Combat Half-tracks
Butterfly Bomb Drop
Butterfly Bomb Drop
Tiger Heavy Tank
Tungsten Core Ammunition
Butterfly Bomb Drop
Vehicle Survival Package
Panzerpioneer Squad
Pak 38 Anti-tank Gun Team
Selects Crew Shock Tactics
Selects Elefant Tank Destroyer
Elefant Tank Destroyer
Panzerpioneer Squad
Construct Mechanized Kompanie
18-tonne Recovery Half-track
Pak 38 Anti-tank Gun Team
Karline🥰❤️🖤💔
Ricky Mah
rudgus2564
TY
Jm200092
tp_di_di_long
kidrobot2008
WEI
0
0
Comments
sign in to comment!
No comments posted yet!